 Dungeon Crawl Stone Soup version 0.29.0-4-gdea44cf6ec (webtiles) character file.

Game seed: 10315415263772451415

3 qw the Chopper (level 1, -2/12 HPs)
             Began as a Tengu Warper on Aug 28, 2022.
             Slain by a goblin
             ... wielding a +2 vampiric dagger
              (3 damage)
             ... on level 1 of the Dungeon.
             The game lasted 00:00:00 (175 turns).

qw the Chopper (Tengu Warper)                        Turns: 175, Time: 00:00:01

Health: -2/12      AC:  3    Str: 11    XL:     1   Next: 50%
Magic:  4/4        EV: 11    Int: 13    God:
Gold:   5          SH:  0    Dex: 13    Spells: 4/4 levels left

rFire   . . .      SeeInvis .   a - +0 hand axe
rCold   . . .      Faith    .   (no shield)
rNeg    . . .      Spirit   .   b - +0 leather armour
rPois   .          Reflect  .   (helmet restricted)
rElec   .          Harm     .   (no cloak)
rCorr   .          Rampage  .   (no gloves)
Will    .....                   (boots unavailable)
Stlth   +.........              (no amulet)
HPRegen 0.04/turn               (no ring)
MPRegen 0.09/turn               (no ring)

@: no status effects
A: beak, talons 3
a: no special abilities


You were on level 1 of the Dungeon.
You visited 1 branch of the dungeon, and saw 1 of its levels.

You collected 5 gold pieces.


Innate Abilities, Weirdness & Mutations

You have a beak for a mouth.
You have claws for feet.


   Skills:
 - Level 2.0 Fighting
 + Level 2.5 Axes
 - Level 1.0 Throwing
 - Level 1.1 Armour
 - Level 2.1 Dodging
 - Level 2.0 Spellcasting
 - Level 2.4 Translocations


You had 4 spell levels left.
You didn't know any spells.
Your spell library contained the following spells:

 Spells                   Type           Power      Damage    Failure   Level
 Blink                    Tloc           14%        N/A       19%         2
 Gell's Gravitas          Tloc           7%         N/A       36%         3
 Lesser Beckoning         Tloc           7%         N/A       36%         3
 Teleport Other           Tloc           7%         N/A       36%         3
 Manifold Assault         Tloc           7%         N/A       98%         5

Inventory:

Hand Weapons
 a - a +0 hand axe (weapon)
 g - a +0 club
Armour
 b - a +0 leather armour (worn)
Scrolls
 c - a scroll of blinking
 f - a scroll of enchant armour {unknown}
Potions
 e - a potion of flight {unknown}
 h - a potion of might {unknown}

Dungeon Overview and Level Annotations

Branches:
Dungeon (1/15)

Altars:


Message History

g - a +0 club You see here a kobold corpse.
A rat comes into view.
Found a glowing clear potion.
Found a stone staircase leading down.
Throw: 2 boomerangs (disperse)
Press: ? - help, Q - select action Shift-Dir - straight line, f - rat You throw a boomerang of dispersal.
The boomerang of dispersal hits the rat.
The rat blinks!
You feel a bit more experienced.
h - a glowing clear potion
Found a dagger.
A goblin and a giant cockroach come into view.
The goblin is wielding a +2 vampiric dagger.
The goblin shouts!
A ball python comes into view.
The giant cockroach moves out of view.
Throw: boomerang (disperse)
Press: ? - help, Q - select action Shift-Dir - straight line, f - goblin You throw a boomerang of dispersal.
The boomerang of dispersal barely misses the goblin.
The ball python hisses angrily.
You barely miss the goblin.
The goblin hits you with a +2 vampiric dagger. x2
You hit the ball python but do no damage.
You claw the ball python, but do no damage.
You peck the ball python.
The ball python is moderately wounded.
You barely miss the goblin. The ball python bites you.
The ball python grabs you. The ball python constricts you.
The goblin hits you but does no damage. The ball python closely misses you.
The ball python constricts you.
You barely miss the ball python. You hit the goblin. The ball python bites you.
The ball python constricts you.
The goblin hits you with a +2 vampiric dagger.
The goblin draws strength from your wounds!
You barely miss the ball python. You claw the ball python.
You kill the ball python!
You hit the goblin.
The goblin hits you with a +2 vampiric dagger.
You die...

#.#.###.#...##%.........
#.#.#...#.#.##....>.....
#.#.#...#.#.###........#
#.#.#...#.#.# #........#
# #.#.#.....#.#
#........###
#.#.###.###.#
#........##.
#.#.......#.#
##......###.
#.#####..##.#
#......###. #.....%@..#
#.......##. #.###.#g###
##......### ....B#
#.......## .......#
##......## ........#
#.......# ........#
##....... .........
##...... .....###
##..... ###...


You could see a giant cockroach and a goblin.

Vanquished Creatures
  An endoplasm (D:1)
  A ball python (D:1)
  A frilled lizard (D:1)
  A kobold (D:1)
  A rat (D:1)
5 creatures vanquished.

Notes
Turn   | Place    | Note
-------+----------+-------------------------------------------
     0 | D:1      | qw the Tengu Warper began the quest for the Orb.
     0 | D:1      | Reached XP level 1. HP: 12/12 MP: 4/4
     0 | D:1      | 0 ||| qw: Version: 0.1-a-89-g26bdef1
     0 | D:1      | 0 ||| qw: Game counter: 2206
     0 | D:1      | 0 ||| qw: Always use a shield: true
     0 | D:1      | 0 ||| qw: God list: Okawaru
     0 | D:1      | 0 ||| qw: Allow faded altars: false
     0 | D:1      | 0 ||| qw: Do Orc after D:15 true
     0 | D:1      | 0 ||| qw: Do second Lair branch before Depths: true
     0 | D:1      | 0 ||| qw: Lair rune preference: random
     0 | D:1      | 0 ||| qw: Plans: Normal
     0 | D:1      | 0 ||| PLANNING D:1-11
   174 | D:1      | HP: 1/12 [goblin/+2 vampiric dagger (3)]
   175 | D:1      | Slain by a goblin

Levels and vault maps discovered:
D:1:      dpeg_arrival_snail, layout_basic

Action                   || total
-------------------------++-------
Melee: Hand axe          ||     5
       Kick              ||     2
       Peck              ||     1
Throw: Boomerang         ||     7
Armor: Leather armour    ||     1
Dodge: Dodged            ||     1

Table legend:
 A = Non-vault XP
 B = Vault XP
 C = Vault XP percentage of total XP
 D = Non-vault monster count
 E = Vault monster count
 F = Vault count percentage of total count
                 A         B        C        D         E       F
            +---------+---------+-------+---------+---------+-------
      Total |       6 |       0 |   0.0 |       5 |       0 |   0.0
            +---------+---------+-------+---------+---------+-------
        D:1 |       6 |       0 |   0.0 |       5 |       0 |   0.0
            +---------+---------+-------+---------+---------+-------
